 Dungeon Crawl Stone Soup version 0.24.0-37-gcf1ca852f1 (webtiles) character file.

Game seed: 12058892945775375400, levelgen mode: deterministic

82 archiater the Cudgeler (level 4, -5/39 HPs)
             Began as a Minotaur Fighter on Nov 29, 2019.
             Killed from afar by an orc wizard (7 damage)
             ... with a magic dart
             ... on level 3 of the Dungeon.
             The game lasted 00:03:00 (1283 turns).

archiater the Cudgeler (Minotaur Fighter)           Turns: 1283, Time: 00:03:01

Health: -5/39      AC: 13    Str: 22    XL:     4   Next: 21%
Magic:  3/3        EV:  7    Int:  5    God:
Gold:   78         SH:  9    Dex:  9    Spells: 3/3 levels left

rFire    . . .     SeeInvis .   s - +2 mace (protect)
rCold    . . .     Gourm    .   c - +0 shield
rNeg     . . .     Faith    .   b - +0 scale mail
rPois    .         Spirit   .   (helmet restricted)
rElec    .         Reflect  .   (no cloak)
rCorr    .         Harm     .   (no gloves)
MR       .....                  (no boots)
Stlth    ..........             e - amulet of the acrobat
HPRegen  0.13/turn              (no ring)
MPRegen  0.08/turn              (no ring)

@: protection aura, slowed, very slow
A: retaliatory headbutt, horns 2
a: no special abilities


You were on level 3 of the Dungeon.
You were not hungry.

You visited 1 branch of the dungeon, and saw 3 of its levels.

You collected 78 gold pieces.

Inventory:

Hand Weapons
 a - a +0 flail
 s - a +2 mace of protection (weapon)
Armour
 b - a +0 scale mail (worn)
 c - a +0 shield (worn)
Jewellery
 e - an amulet of the acrobat (around neck)
Scrolls
 g - 3 scrolls of enchant weapon {unknown}
 i - 3 scrolls of identify {unknown}
 j - 2 scrolls of amnesia {unknown}
 l - a scroll of magic mapping {unknown}
 n - 2 scrolls of teleportation {unknown}
 o - 2 scrolls of enchant armour {unknown}
 p - 2 scrolls of remove curse {unknown}
 q - a scroll of blinking {unknown}
Potions
 d - a potion of might
 h - 3 potions of resistance {unknown}
 k - a potion of curing {unknown}
 m - a potion of ambrosia {unknown}
Comestibles
 f - 5 rations


   Skills:
 - Level 3.6 Fighting
 * Level 5.5 Maces & Flails
 - Level 3.6 Armour
 - Level 3.6 Shields


You had 3 spell levels left.
You didn't know any spells.
Your spell library was empty.

Dungeon Overview and Level Annotations

Branches:
Dungeon (3/15)

Altars:


Innate Abilities, Weirdness & Mutations

You reflexively headbutt those who attack you in melee.
You have a pair of horns on your head.


Message History

Pain shoots through your body!
You see here a rat corpse.
The orc wizard completely misses you.
You see here a rat corpse.
The orc wizard casts a spell at you. The magic dart hits you.
The orc priest barely misses you. The orc wizard completely misses you.
The orc priest calls down the wrath of Beogh upon you.
Beogh smites you!
The orc priest calls down the wrath of Beogh upon you.
Beogh smites you!
* * * LOW HITPOINT WARNING * * *
The orc wizard completely misses you.
You sock the orc wizard!
Your weapon exudes an aura of protection.
The orc wizard is heavily wounded.
The orc priest looks satisfied for a moment.
The orc wizard casts a spell at you. The magic dart hits you!
You die...

### ... #.# #.#
#.##### #@#...#
#o#...#
.######.#...#####
.......o†........
.######<#........
#...........
#.......)...
.....$......
.............


You could see an orc priest and an orc wizard.

Vanquished Creatures
  A gnoll (D:1)
  An adder (D:2)
  A worm (D:2)
  2 dart slugs (D:1)
  3 leopard geckos
  3 orcs (D:2)
  9 bats
  5 giant cockroaches
  6 goblins
  4 hobgoblins
  4 frilled lizards (D:2)
  5 kobolds
  4 rats
48 creatures vanquished.

Notes
Turn   | Place    | Note
-------+----------+-------------------------------------------
     0 | D:1      | archiater the Minotaur Fighter began the quest for the Orb.
     0 | D:1      | Reached XP level 1. HP: 19/19 MP: 0/0
    57 | D:1      | Reached skill level 3 in Maces & Flails
    62 | D:1      | Reached XP level 2. HP: 26/26 MP: 1/1
   182 | D:1      | Reached skill level 4 in Maces & Flails
   203 | D:1      | Reached XP level 3. HP: 20/31 MP: 2/2
   297 | D:1      | You fall into a shaft and drop 1 floor!
   440 | D:2      | Reached skill level 5 in Maces & Flails
   805 | D:2      | Reached XP level 4. HP: 39/39 MP: 3/3
  1283 | D:3      | Killed from afar by an orc wizard

Levels and vault maps discovered:
D:1:      lightli_molten_gateway, layout_rooms
D:2:      layout_basic
D:3:      layout_basic, hellmonk_ghost_happy_afterlife, uniq_sigmund,
          uniq_robin, uniq_ijyb

Skill      XL: |  1  2  3 |
---------------+----------+-----
Maces & Flails | 3 4 5 |  5.5
Fighting       | |  3.6
Armour         | |  3.6
Shields        | |  3.6

Action                   |  1- 3 |  4- 6 || total
-------------------------+-------+-------++-------
Melee: Flail             |    78 |    22 ||   100
       Headbutt          |     7 |     3 ||    10
       Mace              |       |     2 ||     2
 Stab: Distracted        |     1 |       ||     1
  Eat: Chunk             |       |     1 ||     1
Armor: Scale mail        |    37 |     4 ||    41
Dodge: Dodged            |    53 |    20 ||    73
Block: Shield            |    52 |    21 ||    73
